Map: Pendiente de Agustín EE

Players

MrFercho - Winner!

  • Race: Zerg Zerg
  • League: Silver
  • Spawn Location: 6:00

tigro - Winner!

  • Race: Terran Terran
  • League: Bronze
  • Spawn Location: 6:00

TATORREA - Winner!

  • Race: Protoss Protoss
  • League: Gold
  • Spawn Location: 5:00

Mistica

  • Race: Zerg Zerg
  • Spawn Location: 12:00

Gokit

  • Race: Terran Terran
  • Spawn Location: 11:00

Asterisco

  • Race: Protoss Protoss
  • Spawn Location: 12:00

VOD

Have the link to the VOD?

Description

Time

  • Played on: July 4, 2020, 9:44 p.m.
  • Length: 15:57
Show
View Real Time Build Order
Export as new Build Order

MrFercho Zerg - Winner!

Build Orders: Hatch First, Brood Lord Corruptor 

Get SALT Encoding   

  12  0:01  Drone  
  13  0:12  Overlord  
  13  0:17  Drone  
  14  0:31  Drone x2  
  16  0:54  Drone  
  17  0:57  Hatchery  
  16  1:09  Spawning Pool, Drone  
  16  1:13  Drone  
  16  1:16  Drone  
  18  1:22  Drone  
  19  1:34  Extractor, Drone  
  19  1:56  Overlord  
  19  1:57  Drone  
  19  2:00  Queen  
  22  2:09  Queen  
  22  2:11  Overlord  
  22  2:12  Drone  
  22  2:14  Drone  
  26  2:23  Drone  
  26  2:24  Drone  
  28  2:40  Lair  
  28  2:42  Drone x3  
  31  2:47  Queen  
  31  2:48  Extractor  
  31  2:49  Drone  
  33  2:52  Drone  
  33  2:58  Drone  
  35  3:04  Drone  
  36  3:10  Drone x3  
  36  3:12  Drone  
  40  3:14  Drone  
  41  3:36  Roach Warren, Drone  
  41  3:37  Drone  
  41  3:38  Drone x2  
  41  3:39  Overlord  
  44  3:47  Evolution Chamber  
  43  3:49  Evolution Chamber  
  43  3:53  Drone  
  43  3:54  Extractor, Drone  
  43  3:55  Overlord x3  
  43  3:56  Overlord  
  43  4:09  Extractor  
  42  4:10  Drone x3  
  45  4:20  Spine Crawler  
  45  4:23  Drone  
  45  4:24  Drone, Spore Crawler  
  45  4:26  Roach  
  45  4:27  Roach x3  
  45  4:29  Zerg Missile Weapons Level 1  
  45  4:30  Glial Reconstitution  
  53  4:34  Drone  
  54  4:50  Hatchery  
  53  5:15  Drone x2  
  53  5:16  Drone x8  
  53  5:20  Overlord x3  
  63  5:26  Zerg Ground Armor Level 1  
  63  5:31  Roach x2  
  67  5:47  Spine Crawler  
  67  5:48  Tunneling Claws  
  66  5:51  Spine Crawler  
  66  5:53  Drone x2  
  67  5:59  Roach  
  67  6:00  Roach x4  
  77  6:13  Drone x5  
  77  6:17  Extractor  
  81  6:18  Extractor  
  81  6:22  Roach x4  
  88  6:37  Spire  
  87  6:43  Drone x2  
  87  6:44  Drone x7  
  87  6:45  Infestation Pit  
  95  6:57  Zerg Missile Weapons Level 2  
  95  7:03  Metabolic Boost  
  95  7:09  Pneumatized Carapace  
  95  7:17  Roach  
  95  7:18  Roach x8  
  95  7:20  Overlord x5  
  113  7:43  Burrow  
  113  7:47  Zerg Ground Armor Level 2  
  113  7:50  Hive  
  113  8:34  Hatchery  
  112  8:40  Corruptor x14  
  140  8:50  Roach x5  
  140  8:52  Overlord  
  140  8:55  Overlord  
  150  10:15  Overlord x4  
  150  10:16  Overlord x5  
  150  10:26  Drone  
  150  10:27  Drone x8  
  150  10:28  Drone  
  160  11:05  Greater Spire  
  160  11:06  Mutalisk x11  
  160  11:07  Mutalisk  
  160  11:10  Roach x29  
  150  12:01  Mutalisk x9  
  146  12:26  Hydralisk Den  
  145  12:32  Zerg Missile Weapons Level 3, Zerg Ground Armor Level 3  
  145  12:42  Extractor  
  145  12:43  Extractor  
  123  13:43  Brood Lord  
  123  13:44  Brood Lord x13  
  151  14:25  Muscular Augments  
  151  14:26  Lurker Den  
  150  14:38  Zergling x34  
  160  14:39  Zergling x54  
  160  14:40  Zergling x2  
Show
View Real Time Build Order
Export as new Build Order

tigro Terran - Winner!

Build Orders:  

Get SALT Encoding   

  12  0:02  SCV  
  13  0:15  SCV  
  14  0:25  Supply Depot  
  14  0:27  SCV  
  15  0:46  SCV  
  16  0:52  Barracks  
  16  0:59  SCV  
  16  1:01  Refinery  
  17  1:04  Refinery  
  17  1:11  SCV  
  18  1:19  Supply Depot  
  18  1:23  SCV  
  19  1:35  SCV  
  19  1:39  Marine  
  21  1:47  SCV  
  22  1:57  Marine  
  22  1:59  SCV  
  24  2:15  Marine  
  25  2:23  Command Center  
  25  2:33  Marine  
  25  2:35  Orbital Command  
  26  2:42  Barracks  
  26  2:51  Marine  
  27  3:21  Barracks Reactor  
  27  3:24  SCV  
  28  3:31  Factory  
  28  3:37  SCV  
  28  3:38  Refinery  
  29  3:42  Barracks Tech Lab  
  29  4:09  Engineering Bay  
  29  4:11  SCV  
  29  4:14  Combat Shield  
  30  4:17  Factory Tech Lab  
  30  4:23  SCV  
  31  4:27  Starport  
  31  4:29  Marine  
  31  4:30  Marine x2  
  34  4:35  SCV  
  35  4:47  Marine, SCV  
  35  4:48  Marine x2, Refinery  
  35  4:49  Terran Infantry Weapons Level 1  
  39  4:59  SCV  
  40  5:00  Siege Tank  
  40  5:05  Marine  
  40  5:06  Starport  
  45  5:18  Medivac  
  47  5:26  Planetary Fortress  
  46  5:33  Stimpack  
  46  5:47  Siege Tank  
  49  6:03  SCV  
  50  6:15  SCV  
  51  6:19  Starport Tech Lab  
  51  6:22  Starport Tech Lab  
  51  6:27  SCV  
  52  6:39  SCV  
  53  6:41  Supply Depot  
  53  6:43  Terran Infantry Armor Level 1  
  53  6:51  Fusion Core, SCV  
  54  6:55  Medivac  
  54  6:59  Cyclone  
  59  7:03  Supply Depot, SCV  
  60  7:15  SCV  
  61  7:26  Supply Depot  
  64  7:39  Armory  
  64  7:47  Siege Tank  
  64  7:59  Marine x3  
  64  8:03  Battlecruiser x2  
  79  8:07  Weapon Refit  
  79  8:17  Marine x3  
  79  8:19  Siege Tank  
  85  8:28  Missile Turret  
  85  8:34  Marine  
  86  8:49  Missile Turret  
  86  8:51  Marine x2  
  86  8:52  Marine  
  89  9:09  Marine x2  
  91  9:11  Missile Turret  
  91  9:19  Command Center  
  91  9:27  Marine  
  91  9:29  Terran Infantry Weapons Level 2  
  92  9:33  Terran Vehicle Weapons Level 1  
  92  9:38  Missile Turret  
  92  9:58  Marine  
  92  9:59  Marine x2, Missile Turret  
  95  10:10  SCV  
  96  10:16  Marine x2  
  96  10:17  Marine  
  99  10:23  SCV  
  99  10:24  Missile Turret  
  100  10:31  Battlecruiser  
  100  10:34  Marine x2, Refinery  
  100  10:35  Marine, SCV  
  110  10:46  Missile Turret  
  110  10:47  SCV  
  111  10:52  Marine  
  112  11:09  Missile Turret  
  112  11:27  Terran Vehicle And Ship Armor Level 1  
  112  11:31  Missile Turret  
  112  11:36  Battlecruiser  
  112  11:37  Battlecruiser  
  124  11:44  Terran Infantry Armor Level 2  
  124  11:52  Missile Turret  
  124  12:11  Marine  
  125  12:33  Marine x3  
  120  12:50  Marine x3  
  123  12:58  Battlecruiser  
  120  13:08  Marine x3  
  122  13:21  Terran Ship Weapons Level 1  
  122  13:25  Battlecruiser  
  122  13:26  Marine x2  
  125  14:01  Hi-Sec Auto Tracking  
  125  14:08  Marine  
  123  15:02  Supply Depot  
  123  15:22  Refinery  
  123  15:26  Supply Depot  
Show
View Real Time Build Order
Export as new Build Order

TATORREA Protoss - Winner!

Build Orders: 1 Gate Expand, Carriers 

Get SALT Encoding   

  12  0:01  Probe  
  13  0:13  Probe  
  14  0:22  Pylon  
  14  0:26  Probe  
  15  0:40  Probe  
  15  0:41  Gateway  
  16  0:51  Probe  
  16  0:53  Assimilator  
  17  0:59  Pylon, Probe  
  18  1:08  Probe  
  19  1:19  Probe  
  20  1:31  Probe  
  21  1:39  Nexus  
  21  1:43  Probe  
  21  1:45  Assimilator  
  22  1:55  Probe  
  23  2:03  Cybernetics Core  
  23  2:07  Probe  
  24  2:13  Pylon  
  24  2:25  Probe  
  25  2:38  Probe  
  26  2:46  Robotics Facility  
  26  2:49  Stargate  
  26  2:51  Probe x2  
  28  2:58  Warp Gate  
  28  3:00  Stalker  
  28  3:03  Probe x2  
  32  3:15  Probe  
  32  3:16  Probe  
  32  3:19  Gateway  
  34  3:21  Gateway  
  34  3:27  Probe  
  34  3:28  Probe  
  36  3:35  Assimilator  
  36  3:37  Assimilator  
  36  3:38  Sentry  
  36  3:39  Probe  
  36  3:40  Probe  
  40  3:52  Probe  
  40  3:53  Probe  
  42  3:57  Nexus  
  42  4:03  Pylon  
  42  4:05  Probe x2  
  44  4:16  Probe x2  
  45  4:21  Immortal  
  50  4:24  Probe x2  
  52  4:32  Probe x2  
  54  4:43  Probe x2  
  56  4:47  Void Ray  
  56  4:51  Stalker  
  62  5:06  Pylon  
  62  5:09  Pylon  
  62  5:14  Pylon  
  62  5:18  Pylon  
  62  5:20  Probe x3  
  65  5:28  Stalker x2  
  65  5:29  Stalker, Void Ray  
  65  5:31  Pylon  
  65  5:33  Probe x2  
  65  5:34  Probe  
  65  5:35  Pylon  
  78  5:45  Assimilator, Probe x2  
  78  5:46  Probe  
  78  5:47  Assimilator  
  81  5:53  Observer  
  82  5:59  Probe x2  
  82  6:01  Probe  
  85  6:09  Protoss Air Weapons Level 1  
  85  6:12  Void Ray  
  85  6:14  Immortal  
  85  6:16  Probe x3  
  96  6:20  Stalker x2  
  96  6:21  Stalker  
  102  6:32  Probe x2  
  104  6:34  Probe  
  105  6:50  Probe x3  
  105  6:52  Nexus  
  105  6:53  Immortal  
  112  6:55  Void Ray, Pylon  
  116  7:02  Probe x3  
  119  7:13  Gateway  
  119  7:14  Probe x2  
  119  7:15  Probe  
  122  7:16  Gateway  
  122  7:19  Gateway  
  122  7:22  Gateway  
  122  7:26  Gateway  
  122  7:27  Pylon  
  122  7:37  Pylon  
  122  7:40  Pylon  
  122  7:43  Stalker  
  122  7:44  Stalker x2, Pylon  
  126  7:47  Void Ray  
  126  7:48  Pylon  
  132  7:59  Fleet Beacon  
  132  8:02  Stargate  
  132  8:04  Stargate  
  132  8:05  Stargate  
  132  8:08  Forge  
  132  8:09  Forge  
  132  8:12  Forge  
  132  8:15  Cybernetics Core  
  132  8:16  Probe x4  
  136  8:21  Assimilator  
  136  8:23  Assimilator  
  136  8:28  Probe  
  137  8:41  Nexus  
  137  8:42  Pylon  
  137  8:43  Pylon  
  137  8:45  Pylon  
  137  8:47  Pylon  
  137  8:48  Pylon  
  137  8:50  Pylon  
  137  8:53  Pylon  
  137  8:58  Protoss Air Weapons Level 2  
  137  9:00  Gateway  
  137  9:02  Gateway  
  137  9:05  Gateway  
  137  9:07  Gateway  
  137  9:11  Gateway  
  137  9:13  Gateway  
  137  9:15  Tempest, Carrier  
  137  9:16  Carrier  
  154  9:20  Tempest  
  159  9:25  Protoss Ground Armor Level 1, Protoss Ground Weapons Level 1, Protoss Shields Level 1  
  159  9:42  Protoss Air Armor Level 1  
  159  9:50  Stalker x3  
  159  9:51  Stalker x5  
  175  10:22  Immortal  
  175  10:24  Tempest, Carrier x2  
  196  11:08  Twilight Council  
  196  11:22  Protoss Shields Level 2, Protoss Ground Armor Level 2  
  196  11:28  Protoss Ground Weapons Level 2  
  196  11:36  Protoss Air Armor Level 2  
  196  11:48  Protoss Air Weapons Level 3  
  196  11:51  Blink  
  179  12:24  Immortal  
  179  12:26  Tempest, Carrier x2  
  196  12:33  Assimilator  
  196  12:35  Assimilator  
  196  12:37  Nexus  
  184  13:15  Tempest, Carrier  
  180  13:30  Tempest, Carrier  
  165  13:49  Charge  
  163  13:58  Carrier  
  163  14:01  Stalker x3  
  163  14:02  Stalker x3  
  166  14:03  Stalker x5  
  166  14:04  Stalker x2  
  176  14:13  Tempest  
  173  14:20  Carrier  
  177  14:34  Tempest  
  188  15:02  Tempest, Zealot x3  
Show
View Real Time Build Order
Export as new Build Order

Mistica Zerg 

Build Orders: Pool First 

Get SALT Encoding   

  12  0:02  Drone  
  13  0:09  Drone  
  14  0:18  Overlord  
  14  0:23  Extractor  
  14  0:25  Drone  
  14  0:43  Drone  
  15  0:52  Spawning Pool  
  14  0:57  Drone  
  14  1:00  Drone  
  16  1:04  Drone  
  17  1:11  Drone  
  18  1:39  Extractor  
  17  1:40  Zergling x2  
  17  1:41  Zergling x4  
  20  1:53  Queen  
  22  1:56  Overlord  
  22  2:09  Hatchery  
  21  2:27  Drone x3  
  24  2:42  Lair  
  24  2:48  Metabolic Boost  
  24  2:55  Zergling x4  
  26  3:13  Spore Crawler  
  26  3:15  Spore Crawler  
  26  3:16  Spore Crawler  
  23  3:24  Queen  
  23  3:26  Drone  
  26  3:37  Drone x3  
  26  3:38  Drone x2  
  31  3:51  Infestation Pit  
  31  3:53  Drone  
  31  3:59  Overlord  
  31  4:07  Overlord  
  31  4:12  Drone  
  32  4:18  Drone  
  33  4:29  Hive  
  34  4:31  Drone  
  34  4:33  Drone  
  34  4:35  Drone  
  36  4:57  Queen  
  38  5:01  Drone x3  
  41  5:21  Hatchery  
  40  5:22  Overseer  
  40  5:37  Drone x6  
  40  5:38  Drone x2  
  40  5:40  Drone x4  
  52  5:51  Extractor  
  52  5:52  Extractor  
  50  6:09  Spore Crawler  
  50  6:10  Spore Crawler  
  48  6:12  Spore Crawler  
  48  6:14  Spore Crawler  
  48  6:15  Drone x2  
  48  6:16  Drone x4, Spore Crawler  
  48  6:17  Drone  
  52  6:40  Spore Crawler  
  52  6:43  Spore Crawler  
  52  6:44  Spore Crawler  
  52  6:46  Spore Crawler x2  
  47  6:47  Spore Crawler  
  46  6:57  Spore Crawler  
  46  6:58  Spore Crawler  
  44  7:09  Drone x4  
  44  7:10  Drone x3  
  44  7:11  Drone x3  
  54  7:31  Hatchery  
  54  7:35  Spore Crawler x2  
  51  7:37  Spore Crawler  
  51  7:38  Spore Crawler  
  49  7:44  Spore Crawler  
  48  7:53  Adrenal Glands  
  48  8:05  Evolution Chamber  
  48  8:07  Evolution Chamber  
  48  8:11  Drone, Spire  
  48  8:12  Drone x5  
  51  8:19  Spire  
  50  8:35  Zerg Melee Weapons Level 1  
  50  8:37  Zerg Ground Armor Level 1  
  50  8:48  Drone x3  
  53  8:49  Drone x2  
  53  8:50  Drone x3  
  53  8:51  Drone x5  
  53  8:53  Drone  
  64  9:03  Burrow  
  64  9:29  Overlord x4  
  64  9:30  Overlord  
  64  9:31  Overlord  
  64  9:46  Queen x2  
  68  9:55  Zerg Flyer Weapons Level 1  
  68  9:58  Greater Spire  
  68  10:06  Pneumatized Carapace  
  68  10:22  Extractor  
  68  10:24  Extractor  
  66  10:33  Corruptor x2  
  66  10:34  Corruptor x2  
  66  10:35  Corruptor x4  
  76  10:36  Corruptor x6  
  76  10:37  Corruptor  
  76  10:40  Overlord  
  96  11:08  Spore Crawler  
  96  11:10  Spore Crawler  
  94  11:14  Spore Crawler  
  89  11:19  Corruptor x6  
  52  12:56  Mutalisk x3  
  52  12:57  Mutalisk x2  
  23  13:48  Drone x15  
  15  14:06  Drone  
  15  15:05  Hatchery  
  14  15:30  Drone x14  
Show
View Real Time Build Order
Export as new Build Order

Gokit Terran 

Build Orders:  

Get SALT Encoding   

  12  0:02  SCV  
  13  0:18  Supply Depot  
  13  0:21  SCV  
  14  0:26  Refinery  
  14  0:40  SCV  
  15  0:52  SCV  
  15  0:56  Barracks  
  16  1:04  SCV  
  17  1:14  Supply Depot  
  17  1:17  SCV  
  18  1:29  SCV  
  19  1:46  Reaper  
  20  1:53  Refinery  
  20  1:55  SCV  
  21  2:07  SCV  
  22  2:10  Command Center  
  22  2:37  Factory  
  22  3:01  SCV  
  22  3:03  Command Center  
  23  3:06  Reaper  
  24  3:13  SCV  
  25  3:23  SCV  
  25  3:25  SCV  
  27  3:29  Widow Mine  
  29  3:35  SCV  
  29  3:38  SCV  
  31  3:48  SCV  
  32  3:51  Widow Mine  
  32  3:52  Barracks Tech Lab  
  34  4:00  SCV  
  35  4:12  SCV  
  38  4:24  SCV  
  38  4:26  Factory Reactor  
  38  4:29  Orbital Command  
  37  4:35  Refinery  
  37  4:36  SCV  
  38  4:38  Refinery  
  38  4:44  SCV  
  39  4:48  SCV  
  40  4:56  SCV  
  41  5:08  SCV  
  42  5:20  SCV  
  43  5:23  Armory  
  43  5:27  SCV  
  44  5:32  SCV  
  45  5:39  SCV  
  46  5:51  SCV  
  47  6:03  SCV  
  48  6:15  SCV  
  48  6:17  Widow Mine  
  51  6:18  Marine  
  51  6:19  Marine  
  53  6:28  SCV  
  54  6:35  Drilling Claws  
  54  6:36  Marine  
  54  6:37  Marine  
  54  6:38  Terran Vehicle Weapons Level 1, Widow Mine  
  58  6:48  Orbital Command  
  58  6:50  SCV  
  59  6:54  Marine x2  
  59  6:56  Refinery  
  59  7:00  Refinery  
  61  7:09  SCV  
  61  7:11  Supply Depot  
  61  7:12  Marine x2  
  64  7:16  Supply Depot  
  64  7:20  SCV  
  64  7:21  SCV  
  66  7:32  SCV  
  66  7:33  SCV  
  66  7:34  Supply Depot  
  68  7:39  Supply Depot  
  68  7:44  SCV  
  69  7:45  SCV  
  70  7:56  Supply Depot, SCV  
  71  7:58  Marine  
  71  7:59  Marine  
  71  8:01  Supply Depot  
  73  8:08  SCV  
  73  8:09  Orbital Command  
  74  8:16  Marine x2  
  76  8:33  Terran Vehicle And Ship Armor Level 1  
  76  8:57  Starport  
  76  8:58  Starport  
  76  9:02  Starport  
  76  9:05  SCV  
  77  9:36  Command Center  
  77  9:45  Starport Reactor  
  77  9:46  Starport Reactor  
  77  9:48  Starport Tech Lab  
  77  9:52  Starport Reactor  
  77  9:54  Starport Tech Lab  
  77  9:57  Widow Mine x2  
  81  10:19  Widow Mine x2  
  81  10:20  Fusion Core  
  85  10:26  Terran Vehicle Weapons Level 2  
  85  10:40  Widow Mine x2  
  89  10:51  Refinery  
  89  11:01  Widow Mine  
  89  11:02  Widow Mine  
  93  11:17  Refinery  
  93  11:23  Widow Mine x2  
  93  11:26  Battlecruiser  
  93  11:27  Battlecruiser  
  91  12:17  Widow Mine  
  91  12:18  Widow Mine  
  95  12:31  Battlecruiser x2  
  107  12:39  Widow Mine x2  
  99  13:00  Widow Mine x2  
  101  13:21  Widow Mine  
  101  13:22  Widow Mine  
  103  13:35  Battlecruiser x2  
  61  14:22  Viking x2  
  43  14:38  Factory  
Show
View Real Time Build Order
Export as new Build Order

Asterisco Protoss 

Build Orders:  

Get SALT Encoding   

  12  0:01  Probe  
  13  0:16  Probe  
  13  0:17  Pylon  
  14  0:24  Probe  
  14  0:34  Probe  
  16  0:48  Gateway  
  16  0:49  Gateway  
  16  0:57  Assimilator  
  16  0:58  Probe  
  17  1:06  Probe  
  18  1:19  Pylon  
  18  1:43  Zealot x2  
  22  1:49  Cybernetics Core  
  22  1:53  Pylon  
  22  2:00  Probe  
  23  2:02  Assimilator  
  23  2:10  Zealot x2  
  23  2:12  Probe  
  28  2:24  Probe  
  29  2:32  Stargate  
  29  2:43  Pylon  
  29  3:03  Forge  
  29  3:38  Nexus  
  29  3:41  Assimilator  
  29  3:43  Warp Gate  
  29  3:44  Void Ray, Pylon  
  33  3:53  Protoss Ground Weapons Level 1  
  33  3:56  Zealot  
  33  3:57  Zealot  
  33  3:59  Probe  
  37  4:08  Probe  
  38  4:16  Probe  
  40  4:25  Probe  
  41  4:35  Photon Cannon  
  41  4:40  Shield Battery  
  41  4:44  Phoenix, Probe  
  43  4:50  Probe  
  43  4:52  Probe  
  44  4:58  Probe  
  46  5:01  Stalker  
  46  5:02  Probe  
  50  5:23  Probe  
  50  5:26  Phoenix  
  53  5:35  Probe  
  54  5:47  Probe  
  54  5:48  Pylon  
  55  5:53  Pylon  
  55  5:59  Probe  
  55  6:01  Phoenix  
  55  6:02  Protoss Ground Armor Level 1  
  58  6:16  Photon Cannon  
  58  6:17  Gateway  
  58  6:23  Gateway  
  58  6:24  Gateway  
  58  6:27  Probe  
  59  6:33  Photon Cannon  
  59  6:35  Probe  
  60  6:45  Probe x2  
  61  6:50  Assimilator  
  62  6:56  Pylon  
  62  6:57  Probe x2  
  64  7:02  Phoenix  
  64  7:07  Forge  
  66  7:09  Probe  
  66  7:10  Protoss Air Weapons Level 1, Probe  
  68  7:15  Twilight Council  
  68  7:20  Probe  
  68  7:21  Pylon  
  68  7:22  Probe  
  70  7:28  Probe  
  70  7:34  Stalker  
  70  7:35  Stalker  
  70  7:36  Probe  
  76  7:48  Probe  
  77  8:06  Gateway  
  77  8:07  Pylon  
  77  8:10  Probe  
  77  8:11  Protoss Shields Level 1  
  77  8:17  Phoenix  
  77  8:18  Probe  
  77  8:19  Blink  
  80  8:21  Protoss Ground Armor Level 2  
  81  8:29  Probe  
  82  8:41  Probe  
  82  8:42  Phoenix  
  85  8:52  Nexus  
  85  8:58  Pylon  
  85  9:00  Pylon  
  85  9:03  Photon Cannon, Pylon  
  85  9:05  Photon Cannon  
  85  9:07  Phoenix  
  85  9:08  Photon Cannon  
  85  9:09  Photon Cannon  
  87  9:16  Stargate  
  87  9:31  Stalker x3  
  87  9:32  Stalker x3  
  87  9:33  Protoss Air Armor Level 1  
  99  9:41  Pylon  
  99  9:45  Phoenix  
  99  10:02  Phoenix  
  101  10:07  Phoenix  
  104  10:14  Probe  
  104  10:20  Charge  
  104  10:21  Photon Cannon  
  104  10:22  Photon Cannon  
  104  10:26  Probe  
  104  10:27  Phoenix  
  104  10:28  Assimilator  
  107  10:38  Probe  
  108  10:44  Assimilator  
  108  10:50  Probe  
  108  10:52  Photon Cannon, Phoenix  
  108  10:56  Photon Cannon  
  111  10:57  Photon Cannon  
  111  10:59  Photon Cannon  
  111  11:02  Probe  
  110  11:05  Photon Cannon  
  110  11:07  Photon Cannon  
  110  11:17  Phoenix  
  112  11:19  Stalker x3  
  112  11:20  Stalker x2  
  48  12:34  Stalker x2  
  48  12:35  Stalker x3  
  51  12:44  Phoenix x2  
  49  12:54  Pylon  
  47  12:59  Pylon  
  47  13:02  Pylon  
  44  13:09  Phoenix x2  
  18  13:28  Stalker x3  
  18  13:29  Stalker x3  
  25  14:20  Stalker  
  27  14:28  Stalker x2  
  27  14:29  Stalker  
Tags
 
Add a new tag
Caveats
  • Supply blocks, unpowered buildings, or Contaminate may cause inaccurate times.
  • Supply counts are checked every 10 seconds.